 Dungeon Sprint DCSS version 0.31.0-12-g77e489cdc1 (webtiles) character file.

Game seed: 614187039787132004

13433 Heoruswealwe the Pulveriser (level 11, -12/119 HPs)
             Began as a Minotaur Fighter on Feb 23, 2024.
             Was an Initiate of Gozag.
             Mangled by an orc knight
             ... wielding a +2 heavy great mace
              (26 damage)
             ... in the Dungeon (Sprint IX: "|||||||||||||||||||||||||||||").
             The game lasted 00:12:19 (1680 turns).

Heoruswealwe the Pulveriser (Minotaur Fighter)      Turns: 1680, Time: 00:12:19

Health: -12/119    AC: 25    Str: 25    XL:     11   Next: 75%
Magic:  10/10      EV: 10    Int:  5    God:    Gozag
Gold:   5988       SH:  0    Dex: 10    Spells: 10/10 levels left

rFire   . . .        b - +7 lajatang of Order {silver, rMut}
rCold   . . .        (shield currently unavailable)
rNeg    . . .        c - +0 plate armour
rPois   .            (helmet restricted)
rElec   .            h - +2 cloak
rCorr   .            f - +0 pair of gloves
SInv    .            e - +0 pair of boots
Will    .....        (no amulet) Stlth
                     k - +2 ring of evasion
HPRegen 0.39/turn    (no ring)
MPRegen 0.12/turn

%: no teleportation, resist mutation
@: hasted, very quick
A: horns 2, retaliatory headbutt
a: Renounce Religion, Potion Petition, Call Merchant, Bribe Branch


You were in the Dungeon.
You worshipped Gozag.
Gozag was greatly pleased with you.
You visited 1 branch You collected 5988 gold pieces.

Inventory:

Hand Weapons
 a - a +2 trident of venom
 b - the +7 lajatang of Order (weapon) {silver, rMut}
   (You found it in the Dungeon)

   rMut:      It protects you from mutation.
Armour
 c - a +0 plate armour (worn)
 d - a +0 buckler
 e - a +0 pair of boots (worn)
 f - a +0 pair of gloves (worn)
 h - a +2 cloak (worn)
Jewellery
 k - a +2 ring of evasion (left hand)
Wands
 m - a wand of light (10)
Scrolls
 j - 3 scrolls of blinking
 o - 2 scrolls of enchant weapon
 p - 2 scrolls of enchant armour
 q - 2 scrolls of identify
Potions
 g - a potion of haste
 i - a potion of berserk rage
 l - 4 potions of curing
 n - 3 potions of might


   Skills:
 + Level 18.0 Fighting
 - Level 8.9(17.3) Polearms
 * Level 22.9(23.4) Staves
 + Level 18.0 Armour
 - Level 3.6 Shields


You had 10 spell levels left.
You didn't know any spells.
Your spell library was empty.

Dungeon Overview and Level Annotations

Branches:
Dungeon (1/1)

Altars:
Cheibriados
Dithmenos
Elyvilon
Fedhas
Gozag
Hepliaklqana
Kikubaaqudgha
Makhleb
Nemelex Xobeh
Okawaru
Qazlal
Ru
Sif Muna
Trog
Uskayaw
Vehumet
Wu Jian
Xom
Yredelemnul
Zin
The Shining One
Jiyva
Lugonu

Shops:
D *


Innate Abilities, Weirdness & Mutations

You have a pair of horns on your head.
You reflexively headbutt those who attack you in melee.


Message History

The orc knight goes into a battle-frenzy!
You chop the orc knight into pieces!!!
You kill the orc knight!
You slice the orc knight!!
The orc knight is heavily wounded.
You closely miss the orc knight.
The orc knight is heavily wounded.
The orc knight hits you with a +1 war axe!
You hit the orc knight. You headbutt the orc knight.
The orc knight is severely wounded.
The orc knight closely misses you.
You slice the orc knight!! Your headbutt misses the orc knight.
The orc knight is almost dead.
The orc knight hits you with a +1 war axe!
* * * LOW HITPOINT WARNING * * *
You hit the orc knight but do no damage.
Your headbutt misses the orc knight.
The orc knight is almost dead.
The orc knight no longer looks unusually strong.
You slash the orc knight!
You kill the orc knight!
Your Fighting skill increases to level 18!
Your Armour skill increases to level 18!
You slash the orc knight!
The orc knight is lightly wounded.
The orc knight hits you with a +2 heavy great mace!!
* * * LOW HITPOINT WARNING * * *
Okay, then.
Okay, then.
You feel better.
You feel yourself speed up.
The orc knight hits you with a +2 heavy great mace.
* * * LOW HITPOINT WARNING * * *
You slash the orc knight!
The orc knight is moderately wounded.
You closely miss the orc knight.
The orc knight is moderately wounded.
The orc knight hits you with a +2 heavy great mace!!
You die...
Your body crumbles into a pile of gold.

....[....=[)?!'__________________
▓▓▓▓▓▓▓▓▓▓▓▓▓▓▓▓▓▓▓▓▓▓▓▓▓▓▓▓▓▓▓▓▓
.................................
▓▓▓▓▓▓▓▓▓▓▓▓▓▓▓▓▓▓▓▓▓▓▓▓▓▓▓▓▓▓▓▓▓
.'.[[.........'.........'........
▓▓▓▓▓▓▓▓▓▓▓▓▓▓▓▓▓▓▓▓▓▓▓▓▓▓▓▓▓▓▓▓▓
.................................
▓▓▓▓▓▓▓▓▓▓▓▓▓▓▓▓▓▓▓▓▓▓▓▓▓▓▓▓▓▓▓▓▓
∩$$$$$o@...........[....
▓▓▓▓▓▓▓▓▓▓▓▓▓▓▓▓▓▓▓▓▓▓▓▓


You could see an orc knight.

Vanquished Creatures
  A hydra (D)
  A boulder beetle (D)
  A death knight (D)
  A death yak (D)
  2 orc high priests (D)
  A skeletal warrior (D)
  6 orc knights (D)
  A manticore (D)
  An elephant (D)
  4 cane toads (D)
  A rime drake (D)
  A komodo dragon (D)
  A kobold demonologist (D)
  A polar bear (D)
  3 tyrant leeches (D)
  A troll (D)
  2 blink frogs (D)
  A wraith (D)
  3 yaks (D)
  A basilisk (D)
  2 vampire mosquitoes (D)
  3 water moccasins (D)
  10 orc warriors (D)
  A wolf (D)
  A kobold brigand (D)
  A scorpion (D)
  2 bullfrogs (D)
  A killer bee (D)
  2 howler monkeys (D)
  5 orc priests (D)
  An iguana (D)
  3 orc wizards (D)
  An adder (D)
  A white imp (D)
  6 orcs (D)
  A bat (D)
  An endoplasm (D)
  A goblin (D)
  2 rats (D)
79 creatures vanquished.

Notes
Turn   | Place    | Note
-------+----------+-------------------------------------------
     0 | D        | Heoruswealwe the Minotaur Fighter began the quest for the
                  | Orb.
     0 | D        | Reached XP level 1. HP: 19/19 MP: 0/0
    22 | D        | Noticed an iguana
    22 | D        | Noticed a scorpion
    22 | D        | Noticed a howler monkey
    26 | D        | Killed a howler monkey
    27 | D        | Reached skill level 5 in Fighting
    27 | D        | Reached skill level 5 in Armour
    27 | D        | Reached XP level 2. HP: 18/29 MP: 1/1
    27 | D        | Reached XP level 3. HP: 23/36 MP: 2/2
    36 | D        | Killed a scorpion
    37 | D        | Reached XP level 4. HP: 25/45 MP: 3/3
    42 | D        | Reached XP level 5. HP: 14/52 MP: 4/4
    47 | D        | Found a snail-covered altar of Cheibriados.
    47 | D        | Found a shadowy altar of Dithmenos.
    47 | D        | Found a white marble altar of Elyvilon.
    47 | D        | Found a blossoming altar of Fedhas.
    47 | D        | Found an opulent altar of Gozag.
    48 | D        | Found a hazy altar of Hepliaklqana.
    49 | D        | Found a viscous altar of Jiyva.
    50 | D        | Found an ancient bone altar of Kikubaaqudgha.
    51 | D        | Found a corrupted altar of Lugonu.
    52 | D        | Found a burning altar of Makhleb.
    53 | D        | Found a sparkling altar of Nemelex Xobeh.
    54 | D        | Found an iron altar of Okawaru.
    55 | D        | Became a worshipper of Gozag Ym Sagoz the Greedy
    56 | D        | Found a stormy altar of Qazlal.
    57 | D        | Found a sacrificial altar of Ru.
    58 | D        | Found a shimmering blue altar of Sif Muna.
    59 | D        | Found a bloodstained altar of Trog.
    60 | D        | Found a hide-covered altar of Uskayaw.
    61 | D        | Found a radiant altar of Vehumet.
    62 | D        | Found an ornate altar of the Wu Jian Council.
    63 | D        | Found a shimmering altar of Xom.
    64 | D        | Found a basalt altar of Yredelemnul.
    65 | D        | Found a glowing silver altar of Zin.
    66 | D        | Found a glowing golden altar of the Shining One.
    74 | D        | Found the +7 lajatang of Order {silver, rMut}
   179 | D        | Noticed a yak
   179 | D        | Noticed an orc warrior
   179 | D        | Noticed a troll
   179 | D        | Noticed a kobold demonologist
   182 | D        | Reached skill level 3 in Staves
   183 | D        | Noticed a smoke demon
   186 | D        | Killed a kobold demonologist
   187 | D        | Reached skill level 8 in Staves
   187 | D        | Reached XP level 6. HP: 33/63 MP: 5/5
   188 | D        | Reached skill level 9 in Staves
   189 | D        | Killed a troll
   190 | D        | Reached skill level 10 in Fighting
   190 | D        | Reached skill level 10 in Staves
   190 | D        | Reached skill level 10 in Armour
   190 | D        | Reached XP level 7. HP: 39/73 MP: 6/6
   193 | D        | Killed a yak
   194 | D        | Reached skill level 11 in Staves
   349 | D        | Noticed a wraith
   349 | D        | Noticed a manticore
   349 | D        | Noticed a death knight
   349 | D        | Noticed a boulder beetle
   349 | D        | Noticed a skeletal warrior
   362 | D        | Killed a skeletal warrior
   363 | D        | Reached skill level 13 in Staves
   363 | D        | Reached XP level 8. HP: 25/83 MP: 7/7
   368 | D        | Killed a death knight
   369 | D        | Reached skill level 14 in Staves
   369 | D        | Reached XP level 9. HP: 34/92 MP: 8/8
   371 | D        | Killed a manticore
   372 | D        | Reached skill level 15 in Staves
   378 | D        | Killed a boulder beetle
   379 | D        | Reached skill level 16 in Staves
   752 | D        | Noticed a cane toad
   752 | D        | Noticed a komodo dragon
   755 | D        | Noticed a polar bear
   761 | D        | Killed a komodo dragon
   762 | D        | Reached skill level 17 in Staves
   770 | D        | Killed a cane toad
   771 | D        | Reached XP level 10. HP: 90/104 MP: 9/9
   781 | D        | Reached skill level 18 in Staves
   829 | D        | Noticed a death yak
   829 | D        | Noticed a cane toad
   829 | D        | Noticed a cane toad
   829 | D        | Noticed an elephant
   829 | D        | Noticed a cane toad
   834 | D        | Noticed a seven-headed hydra
   837 | D        | Killed a cane toad
   838 | D        | Reached skill level 15 in Fighting
   838 | D        | Reached skill level 15 in Armour
   841 | D        | Killed an elephant
   846 | D        | Killed a death yak
   847 | D        | Reached skill level 19 in Staves
   851 | D        | Killed an 11-headed hydra
   853 | D        | Killed a cane toad
   855 | D        | Killed a cane toad
   858 | D        | Reached skill level 20 in Staves
  1017 | D        | Reached XP level 11. HP: 95/114 MP: 10/10
  1256 | D        | Reached skill level 21 in Staves
  1352 | D        | Noticed an orc knight
  1352 | D        | Noticed an orc knight
  1362 | D        | Killed an orc knight
  1367 | D        | Killed an orc knight
  1639 | D        | Found Moschosse's General Store.
  1639 | D        | Noticed an orc knight
  1639 | D        | Noticed an orc knight
  1639 | D        | Noticed an orc high priest
  1639 | D        | Noticed an orc knight
  1639 | D        | Noticed an orc high priest
  1641 | D        | Noticed an orc knight
  1644 | D        | Killed an orc high priest
  1645 | D        | Reached skill level 22 in Staves
  1645 | D        | Noticed an orc knight
  1648 | D        | Killed an orc knight
  1658 | D        | Killed an orc high priest
  1663 | D        | Killed an orc knight
  1669 | D        | Killed an orc knight
  1675 | D        | Killed an orc knight
  1680 | D        | Mangled by an orc knight

Illustrated notes

Levels and vault maps discovered:
D:        linesprint [early_d, line_temple, items_1, d_10, items_2, lair_1,
          lair_end, items_3, orc_1, orc_end, items_4, d_15, swamp_1, shoals_1,
          snake_1, spider_1, d_20, vaults_1, items_5, swamp_end, shoals_end,
          snake_end, spider_end, vaults_end, d_27, items_6, zot_1, zot_end,
          crypt_end, forest_end, elf_end, slime_end, tomb_end, abyss_end,
          pan_hell_end]

Skill      XL: |  1  2  3  4  5  6  7  8  9 10 11 |
---------------+----------------------------------+-----
Polearms       | 6 8 |  8.9
Fighting       | 5 6 7 9 10 11 12 14 16 18 | 18.0
Armour         | 5 6 7 9 10 11 12 14 16 18 | 18.0
Staves         | 8 10 13 14 17 20 22 | 22.9
Shields        | |  3.6

Action                     |  1- 3 |  4- 6 |  7- 9 | 10-12 || total
---------------------------+-------+-------+-------+-------++-------
  Melee: Trident           |    26 |     4 |       |       ||    30
         Headbutt          |     2 |     3 |     8 |    18 ||    31
         Lajatang          |       |    10 |    48 |   150 ||   208
    Use: Potion            |       |       |     3 |     3 ||     6
   Stab: Distracted        |       |       |     1 |     2 ||     3
 Armour: Scale mail        |    12 |    10 |     1 |       ||    23
         Chain mail        |       |       |    23 |    57 ||    80
         Plate armour      |       |       |       |    16 ||    16
  Dodge: Dodged            |     8 |     5 |     6 |    34 ||    53
  Block: Buckler           |     5 |       |       |       ||     5
